 Dungeon Crawl Stone Soup version 0.26-a0-658-gbdda728c12 (webtiles) character file.

Game seed: 2266930635102409209

97792 grandjackal the Demonic Cataclysm (level 15, -5/126 HPs)
             Began as a Demonspawn Gladiator on Oct 4, 2020.
             Was a High Priest of Qazlal.
             Slain by a shambling mangrove (15 damage)
             ... on level 1 of the Swamp.
             The game lasted 00:45:02 (26799 turns).

grandjackal the Demonic Cataclysm (DsGl)           Turns: 26799, Time: 00:45:03

Health: -5/126     AC: 14    Str: 16    XL:     15   Next: 73%
Magic:  9/27       EV: 22    Int: 15    God:    Qazlal [*****.]
Gold:   1501       SH: 13    Dex: 17    Spells: 14/14 levels left

rFire    . . .     SeeInvis .   j - +6 Maxwell's thermic engine {flame, freeze}
rCold    + + .     Faith    .   E - +0 buckler
rNeg     + + +     Spirit   .   w - +1 troll leather armour of Bokhau {rN++ Regen+}
rPois    .         Reflect  .   c - +0 helmet
rElec    +         Harm     .   m - +2 cloak {MR+}
rCorr    .         Rampage  .   V - +1 pair of gloves
MR       ++...                  (no boots)
Stlth    +.........             T - amulet of the acrobat
HPRegen  0.71/turn              i - ring of Gaujamm {EV+4 Slay+5}
MPRegen  0.20/turn              D - ring of Nuusm {rElec rC+ Str-3 Int+6}

@: lethally poisoned (-5 -> -6), about to teleport, grasped by roots,
constricted, repel missiles, very slow
A: hooves 2, slimy green scales 2, cold resistance 1, demonic guardian 1,
negative energy resistance 1, freezing cloud immunity
a: Upheaval, Elemental Force, Disaster Area, Renounce Religion


You were on level 1 of the Swamp.
You worshipped Qazlal.
Qazlal was extremely pleased with you.
You visited 5 branches of the dungeon, and saw 25 of its levels.
You also visited: Gauntlet.

You collected 2608 gold pieces.
You spent 1107 gold pieces at shops.

Inventory:

Hand Weapons
 j - the +6 Maxwell's thermic engine (weapon) {flame, freeze}
   (You acquired it on level 6 of the Lair of Beasts)

   It has been specially enchanted to burn those struck by it, causing extra
   injury to most foes and up to half again as much damage against particularly
   susceptible opponents.
   Big, fiery blades are also staple armaments of hydra-hunters.
   It has been specially enchanted to freeze those struck by it, causing extra
   injury to most foes and up to half again as much damage against particularly
   susceptible opponents.
 Q - a +3 short sword of freezing
Missiles
 d - 3 throwing nets (quivered)
Armour
 c - a +0 helmet (worn)
 m - a +2 cloak of magic resistance (worn)
 r - a +1 ring mail of cold resistance
 w - the +1 troll leather armour of Bokhau (worn) {rN++ Regen+}
   (You bought it in a shop on level 2 of the Orcish Mines)

   It greatly protects you from negative energy.
   It increases your rate of regeneration.
 x - a +0 kite shield
 E - a +0 buckler (worn)
 V - a +1 pair of gloves (worn)
Jewellery
 i - the ring of Gaujamm (left hand) {EV+4 Slay+5}
   (You found it on level 3 of the Lair of Beasts)

   [ring of evasion]

   It affects your evasion (+4).
   It affects your accuracy and damage with ranged weapons and melee attacks
   (+5).
 k - an uncursed ring of protection from magic
 o - a cursed ring of fire
 D - the ring of Nuusm (right hand) {rElec rC+ Str-3 Int+6}
   (You found it on level 5 of the Dungeon)

   [ring of intelligence]

   It affects your strength (-3).
   It affects your intelligence (+6).
   It protects you from cold.
   It insulates you from electricity.
 K - an uncursed ring of ice
 L - an uncursed ring of protection from magic
 T - an amulet of the acrobat (around neck)
Wands
 a - a wand of enslavement (38)
 g - a wand of paralysis (8)
 v - a wand of polymorph (21)
 I - a wand of flame (73)
 J - a wand of disintegration (36)
 S - a wand of acid (52)
 W - a wand of iceblast (12)
 Y - a wand of random effects (31)
Scrolls
 b - 3 scrolls of blinking
 p - a scroll of magic mapping
 u - 2 scrolls of identify
 A - 4 scrolls of teleportation
 B - 2 scrolls of vulnerability
 C - 4 scrolls of fog
 F - 4 scrolls of summoning
 M - a scroll of torment
 O - a scroll of immolation
 P - 13 scrolls of remove curse
 R - 5 scrolls of fear
Potions
 e - 4 potions of cancellation
 h - a potion of haste
 l - a potion of berserk rage
 n - 4 potions of heal wounds
 q - 2 potions of stabbing
 s - 4 potions of curing
 z - 4 potions of might
 G - 4 potions of lignification
 H - 2 potions of ambrosia
 N - 2 potions of flight
 U - a potion of magic
 X - 2 potions of resistance
 Z - 4 potions of mutation
Miscellaneous
 y - a phantom mirror


   Skills:
 + Level 14.0 Fighting
 + Level 13.1 Long Blades
 - Level 1.7 Throwing
 + Level 13.1 Dodging
 + Level 6.6 Shields
 + Level 16.2 Invocations


You had 14 spell levels left.
You didn't know any spells.
Your spell library contained the following spells:

 Spells                   Type           Power        Failure   Level
 Corona                   Hex            #......      32%         1
 Slow                     Hex            #.......     45%         2
 Confusing Touch          Hex            #.......     69%         3
 Gell's Gravitas          Tloc           #.........   69%         3
 Inner Flame              Hex/Fire       #.......     69%         3
 Portal Projectile        Hex/Tloc       #.....       69%         3
 Cause Fear               Hex            #.........   97%         4
 Leda's Liquefaction      Hex/Erth       #.........   97%         4
 Petrify                  Tmut/Erth      #.......     97%         4
 Summon Lightning Spire   Summ/Air       #.......     97%         4
 Bolt of Magma            Conj/Fire/Erth #.........   100%        5
 Iskenderun's Battlesphe  Conj           #.......     100%        5
 Metabolic Englaciation   Hex/Ice        #.........   100%        5
 Silence                  Hex/Air        #.........   100%        5
 Yara's Violent Unravell  Hex/Tmut       #.........   100%        5
 Conjure Ball Lightning   Conj/Air       #.........   100%        6
 Iron Shot                Conj/Erth      #.........   100%        6
 Statue Form              Tmut/Erth      #........    100%        6
 Orb of Destruction       Conj           #.........   100%        7
 Spellforged Servitor     Conj/Summ      #.........   100%        7
 Shatter                  Erth           #.........   100%        9
 Tornado                  Air            #.........   100%        9


Dungeon Overview and Level Annotations

Branches:
Dungeon (15/15)            Temple (1/1) D:7            Lair (6/6) D:10
  Swamp (1/4) Lair:4        Snake (0/4) Lair:3        Slime (0/5) Lair:6
    Orc (2/2) D:11            Elf (0/3) Orc:2        Vaults (0/5) D:13
 Depths (0/5) D:15        Gauntlet (visited)

Altars:
Ashenzari
Cheibriados
Dithmenos
Elyvilon
Fedhas
Gozag
Hepliaklqana
Kikubaaqudgha
Makhleb
Nemelex Xobeh
Okawaru
Qazlal
Ru
Sif Muna
Trog
Uskayaw
Vehumet
Wu Jian
Xom
Yredelemnul
Zin
The Shining One

Shops:
D:4 }*   D:8 [   D:12 *   Orc:2 [[!*

Portals:
Trove: D:14 (give +5 ice dragon scales)

Annotations:
Lair:2 1 runed translucent door, marklar909's ghost, adept KoMo
Lair:3 3 runed translucent doors, exclusion: 2 oklob plants, Kubamp's ghost, journeyman DEAE; neoxian's ghost, journeyman SpAr


Innate Abilities, Weirdness & Mutations

You have hoof-like feet.
You are mostly covered in slimy green scales. (AC +3)
Your flesh is cold resistant. (rC+)
A weak demonic guardian rushes to your aid.
You resist negative energy. (rN+)
You are immune to freezing clouds.


Message History

* * * LOW HITPOINT WARNING * * *
The swamp dragon claws you.
* * * LOW HITPOINT WARNING * * *
The swamp dragon tramples you but does no damage.
The shambling mangrove barely misses you.
* * * LOW HITPOINT WARNING * * *
The grasping roots constrict you!
Your white imp hits the swamp dragon but does no damage.
Unknown command.
Unknown command.
You feel much better.
You hear a roar! x2
You block the swamp dragon's attack. x3
The swamp dragon breathes poison at you.
The blast of poison engulfs you.
You are poisoned.
Your white imp barely misses the swamp dragon.
The shambling mangrove hits you!!
* * * LOW HITPOINT WARNING * * *
You die...

≈ .≈ ♣♣♣♣.≈≈
♣♣♣♣°☼≈..♣≈
♣○f@☼○.≈.≈♣
♣.☼♣DD☼☼.≈.≈.
♣...≈≈♣5§§.≈≈..
≈§≈.§§§§☼.§♣≈≈≈
§≈≈§§§§§≈≈.≈.≈.
.♣≈≈...≈§§≈≈≈§.
..≈≈.≈≈≈§§.≈≈≈≈
.≈≈≈♣≈.....♣≈♣≈
≈≈≈≈≈≈≈♣.....


You could see a shambling mangrove, 2 swamp dragons and a friendly white imp
(summoned).

Vanquished Creatures
  Rupert (D:14)
  Agnes (D:14)
  A stone giant (Orc:2)
  Azrael (D:13)
  Nessos (D:15)
  Josephine (D:13)
  Fannar (Orc:1)
  A yaktaur captain (D:13)
  Harold (D:8)
  6 hydras
  2 boulder beetles (Lair:6)
  A rakshasa (D:15)
  An anaconda (Lair:6)
  4 centaur warriors
  An ogre mage (D:13)
  5 two-headed ogres
  An alligator (Swamp:1)
  5 death yaks
  A vampire mage (D:15)
  3 orc high priests (Orc:2)
  Urug (D:12)
  A fire crab (Lair:6)
  2 skeletal warriors (D:15)
  Nergalle (D:12)
  2 unseen horrors
  4 orc knights (Orc:2)
  A shadow dragon zombie (D:15)
  Pikel (D:9)
  2 deep elf magi
  A wolf spider zombie (D:15)
  A fire giant zombie (D:15)
  A necromancer (D:15)
  4 ugly things (D:15)
  An oklob plant (Lair:2)
  2 cyclopes (D:12)
  4 orc sorcerers (Orc:2)
  A stone giant zombie (D:15)
  A manticore (D:14)
  4 black mambas
  A torpor snail (Lair:6)
  A gargoyle (D:10)
  16 cane toads
  16 komodo dragons
  2 rime drakes (Lair:6)
  An efreet (D:13)
  A yaktaur (D:13)
  A freezing wraith (D:14)
  A guardian mummy (D:14)
  A ghost (D:8)
  12 polar bears
  3 trolls
  A harpy skeleton (D:15)
  5 dream sheep (Lair:6)
  11 blink frogs
  A meliai zombie (D:15)
  2 slime creatures (Swamp:1)
  5 raiju (Lair:6)
  A bog body (Swamp:1)
  2 fire elementals (D:13)
  47 yaks
  3 vampires (D:12)
  8 wyverns
  8 wraiths
  Eustachio (D:5)
  2 basilisks
  12 vampire mosquitoes
  An elf skeleton (D:15)
  8 wargs
  5 swamp worms
  3 insubstantial wisps (Swamp:1)
  2 nagas (Lair:3)
  19 water moccasins
  14 hell hounds
  20 orc warriors
  3 ice beasts
  6 sky beasts
  13 black bears
  A swamp drake (Swamp:1)
  A phantom (D:11)
  A necrophage (D:8)
  9 ogres
  A boggart (shapeshifter) (D:15)
  24 wolves
  18 centaurs
  A lemure (D:9)
  2 big kobolds
  A gnoll sergeant (D:13)
  Blork the orc (D:5)
  32 bullfrogs
  A water moccasin zombie (D:9)
  A scorpion (D:9)
  9 killer bees
  13 wights
  An electric eel (D:6)
  A centaur zombie (D:9)
  A quasit (D:10)
  3 bullfrog zombies
  4 jellies
  14 orc priests
  7 centaur skeletons
  10 hounds
  A bullfrog skeleton (D:10)
  A gnoll shaman (D:6)
  6 hell rats (Lair:5)
  11 orc wizards
  9 worker ants
  A killer bee zombie (D:7)
  A hound zombie (D:11)
  3 hound skeletons
  Robin (D:3)
  2 worker ant zombies
  6 gnolls
  12 adders
  2 shadow imps
  2 white imps
  3 oozes (D:4)
  3 ufetubi
  2 adder skeletons
  2 adder zombies
  2 worms
  3 dart slugs
  2 leopard geckos
  61 orcs
  3 giant cockroaches
  19 goblins
  11 hobgoblins
  19 jackals
  21 kobolds
  7 quokkas
  12 bats
  6 frilled lizards
  A quokka skeleton (D:8)
  12 rats
737 creatures vanquished.

Vanquished Creatures (collateral kills)
  A minotaur (Gauntlet)
  A hydra (Lair:6)
  4 two-headed ogres
  An ugly thing (D:12)
  A torpor snail (Lair:3)
  A black mamba (Lair:2)
  A centaur skeleton (D:11)
  A yaktaur (D:13)
  A guardian mummy (D:14)
  2 yaks
  A basilisk (Lair:3)
  A swamp worm (Lair:4)
  A water moccasin (Lair:2)
  2 hell hounds (Lair:6)
  A black bear (D:9)
  2 orc warriors
  An ogre (D:8)
  A bullfrog (D:11)
  A scorpion (D:8)
  A killer bee (D:9)
  A jelly (D:11)
  5 orcs
32 creatures vanquished.

Vanquished Creatures (others)
  An orc wizard (Orc:1)
  An orc (Orc:2)
  32 fungi
  63 plants
  3 withered plants (D:15)
100 creatures vanquished.

Grand Total: 869 creatures vanquished

Notes
Turn   | Place    | Note
-------+----------+-------------------------------------------
     0 | D:1      | grandjackal the Demonspawn Gladiator began the quest for
                  | the Orb.
     0 | D:1      | Reached XP level 1. HP: 16/16 MP: 1/1
   342 | D:1      | Gained mutation: You have large cloven feet. [demonic
                  | ancestry]
   342 | D:1      | Reached XP level 2. HP: 22/22 MP: 2/2
  1005 | D:2      | Reached XP level 3. HP: 26/28 MP: 3/3
  2065 | D:2      | Reached XP level 4. HP: 27/34 MP: 4/4
  2373 | D:3      | Noticed Robin
  2472 | D:3      | Killed Robin
  2472 | D:3      | Reached skill level 1 in Shields
  2919 | D:3      | Gained mutation: A weak demonic guardian rushes to your
                  | aid. [demonic ancestry]
  2919 | D:3      | Reached XP level 5. HP: 26/41 MP: 5/5
  4372 | D:4      | Reached XP level 6. HP: 36/48 MP: 6/6
  4879 | D:4      | Found Beral's Assorted Antiques.
  4883 | D:4      | Bought a scroll labeled HAQUKI WEFA for 28 gold pieces
  4883 | D:4      | Bought a scroll labeled WOCE SUQIK for 28 gold pieces
  4883 | D:4      | Bought a scroll labeled QIRHAU EMEAMUMECOE for 28 gold
                  | pieces
  4883 | D:4      | Bought an emerald potion for 25 gold pieces
  4883 | D:4      | Bought a smoky puce potion for 25 gold pieces
  4915 | D:4      | Found Bethroz's Gadget Boutique.
  5005 | D:5      | Entered Level 5 of the Dungeon
  5008 | D:5      | Got an ancient pewter ring
  5009 | D:5      | Identified the ring of Nuusm {rElec rC+ Str-3 Int+6} (You
                  | found it on level 5 of the Dungeon)
  5842 | D:5      | Noticed a sky beast
  5855 | D:5      | Killed a sky beast
  5855 | D:5      | Gained mutation: Your flesh is cold resistant. (rC+)
                  | [demonic ancestry]
  5855 | D:5      | Reached XP level 7. HP: 41/54 MP: 7/7
  5963 | D:5      | Noticed Blork the orc
  5976 | D:5      | Killed Blork the orc
  6123 | D:5      | Noticed Eustachio
  6137 | D:5      | Killed Eustachio
  7029 | D:6      | Reached skill level 5 in Long Blades
  7144 | D:6      | Reached skill level 5 in Fighting
  7151 | D:6      | Reached skill level 5 in Dodging
  7154 | D:6      | Gained mutation: You have hoof-like feet. [demonic
                  | ancestry]
  7154 | D:6      | Reached XP level 8. HP: 46/62 MP: 8/8
  7322 | D:7      | Found a stormy altar of Qazlal.
  8191 | D:7      | Found a staircase to the Ecumenical Temple.
  8485 | Temple   | Entered the Ecumenical Temple
  8578 | Temple   | Upgraded the game from 0.26-a0-653-g6669bab64c to
                  | 0.26-a0-658-gbdda728c12
  8688 | D:7      | Became a worshipper of Qazlal Stormbringer
  8768 | D:8      | Reached skill level 1 in Invocations
  8983 | D:8      | Noticed a two-headed ogre
  8995 | D:8      | Killed a two-headed ogre
  8995 | D:8      | Reached skill level 3 in Invocations
  8995 | D:8      | Reached XP level 9. HP: 13/71 MP: 9/11
  9268 | D:8      | Killed an unseen horror
  9268 | D:8      | Reached skill level 4 in Invocations
  9493 | D:8      | You fall into a shaft and drop 2 floors!
  9493 | D:10     | Entered Level 10 of the Dungeon
  9493 | D:10     | Found a staircase to the Lair.
  9518 | D:9      | Noticed Pikel
  9548 | D:9      | Killed Pikel
  9548 | D:9      | Reached skill level 5 in Invocations
  9984 | D:8      | Found an ancient bone altar of Kikubaaqudgha.
 10021 | D:8      | Found Ali Lu Qoq's Antique Armour Shoppe.
 10131 | D:8      | Reached skill level 6 in Invocations
 10229 | D:8      | Reached * piety under Qazlal
 10235 | D:8      | Gained mutation: You are partially covered in slimy green
                  | scales. (AC +2) [demonic ancestry]
 10235 | D:8      | Reached XP level 10. HP: 73/78 MP: 14/14
 10363 | D:8      | Noticed Harold
 10388 | D:8      | Killed Harold
 11016 | D:9      | Reached skill level 7 in Invocations
 11076 | D:9      | Found a shimmering altar of Xom.
 12065 | D:10     | Reached ** piety under Qazlal
 12074 | D:10     | Reached skill level 8 in Invocations
 12260 | D:10     | Noticed a gargoyle
 12276 | D:10     | Killed a gargoyle
 12520 | D:10     | Noticed a two-headed ogre
 12528 | D:10     | Killed a two-headed ogre
 12528 | D:10     | Reached XP level 11. HP: 80/86 MP: 17/17
 13292 | D:11     | Reached skill level 9 in Invocations
 13310 | D:11     | Noticed a seven-headed hydra
 13330 | D:11     | Killed a seven-headed hydra
 13732 | D:11     | Found a staircase to the Orcish Mines.
 13766 | D:11     | Reached *** piety under Qazlal
 14490 | D:12     | Noticed Urug
 14514 | D:12     | Killed Urug
 14514 | D:12     | Reached skill level 10 in Invocations
 14739 | D:12     | Noticed a two-headed ogre
 14746 | D:12     | Killed a two-headed ogre
 14801 | D:12     | Reached skill level 10 in Fighting
 14936 | D:12     | Noticed a purple ugly thing
 14945 | D:12     | Killed a purple ugly thing
 14961 | D:12     | Noticed a two-headed ogre
 14973 | D:12     | Killed a two-headed ogre
 15046 | D:12     | Noticed Nergalle
 15367 | D:12     | Killed Nergalle
 15367 | D:12     | Gained mutation: You are mostly covered in slimy green
                  | scales. (AC +3) [demonic ancestry]
 15367 | D:12     | Reached XP level 12. HP: 79/96 MP: 18/20
 15454 | D:12     | Found Weakkiask's Blood Bar.
 15663 | Orc:1    | Entered Level 1 of the Orcish Mines
 15663 | Orc:1    | Noticed Fannar
 15689 | Orc:1    | Killed Fannar
 15992 | Orc:2    | Entered Level 2 of the Orcish Mines
 15994 | Orc:2    | Found Geodamp's Antique Armour Shop.
 16011 | Orc:2    | Noticed a stone giant
 16012 | Orc:2    | Reached skill level 11 in Invocations
 16032 | Orc:2    | Killed a stone giant
 16096 | Orc:2    | Found a gate leading to a gauntlet.
 16105 | Gauntlet | Entered a Gauntlet
 16105 | Gauntlet | Found a transporter.
 16127 | Gauntlet | Noticed a blizzard demon
 16175 | Gauntlet | Found a transporter.
 16176 | Gauntlet | Found a transporter.
 16179 | Gauntlet | Found a transporter.
 16180 | Gauntlet | Found a transporter.
 16181 | Gauntlet | Found a transporter.
 16183 | Gauntlet | Noticed a blizzard demon
 16185 | Gauntlet | Found a runed translucent door.
 16191 | Gauntlet | Found a runed translucent door.
 16193 | Gauntlet | Found a transporter.
 16194 | Gauntlet | Found a transporter.
 16261 | Gauntlet | Found a runed translucent gate.
 16262 | Gauntlet | Found a transporter.
 16264 | Gauntlet | Found a runed translucent gate.
 16264 | Gauntlet | Found a transporter.
 16265 | Gauntlet | Found a runed translucent gate.
 16268 | Gauntlet | Found a transporter.
 16291 | Gauntlet | Noticed an entropy weaver
 16365 | Gauntlet | Got an encrusted cloak
 16375 | Gauntlet | Noticed a minotaur
 16393 | Gauntlet | Killed a minotaur
 16418 | Orc:2    | Reached skill level 10 in Long Blades
 16489 | Orc:2    | Found a staircase to the Elven Halls.
 16495 | Orc:2    | Reached skill level 10 in Dodging
 16690 | Orc:1    | Noticed a two-headed ogre
 16699 | Orc:1    | Killed a two-headed ogre
 17362 | Orc:2    | Noticed an orc high priest
 17371 | Orc:2    | Killed an orc high priest
 17410 | Orc:2    | Reached skill level 12 in Invocations
 17457 | Orc:2    | Noticed an orc high priest
 17466 | Orc:2    | Killed an orc high priest
 17478 | Orc:2    | Noticed an orc high priest
 17494 | Orc:2    | Killed an orc high priest
 17502 | Orc:2    | Found Ruppip's Antique Armour Boutique.
 17502 | Orc:2    | Found Pypi's Assorted Antiques.
 17504 | Orc:2    | Found Ejevom's Antique Armour Boutique.
 17504 | Orc:2    | Found Ymesung's Distillery.
 17513 | Orc:2    | Bought a potion of invisibility for 104 gold pieces
 17513 | Orc:2    | Bought a potion of resistance for 130 gold pieces
 17513 | Orc:2    | Bought a potion of heal wounds for 65 gold pieces
 17513 | Orc:2    | Bought a potion of heal wounds for 65 gold pieces
 17515 | Orc:2    | Bought a jewelled troll leather armour for 460 gold pieces
 17515 | Orc:2    | Bought a scroll of fear for 80 gold pieces
 17515 | Orc:2    | Bought a potion of curing for 69 gold pieces
 17518 | Orc:2    | Identified a scroll of acquirement
 17518 | Orc:2    | Acquired a +1 triple sword of draining
 17549 | Orc:2    | Identified the +1 troll leather armour of Bokhau {rN++
                  | Regen+} (You bought it in a shop on level 2 of the Orcish
                  | Mines)
 17636 | Lair:1   | Entered Level 1 of the Lair of Beasts
 17697 | Lair:1   | Identified the +0 cloak of Lethargy {Str+4} (You found it
                  | in a Gauntlet)
 17935 | Lair:1   | Gained mutation: You resist negative energy. (rN+) [demonic
                  | ancestry]
 17935 | Lair:1   | Reached XP level 13. HP: 77/106 MP: 22/22
 18707 | Lair:2   | Reached skill level 13 in Invocations
 19373 | Lair:2   | Found a runed translucent door.
 19373 | Lair:2   | Noticed marklar909's ghost (adept KoMo)
 19374 | Lair:2   | Found a shimmering altar of Xom.
 19652 | Lair:3   | Found a staircase to the Snake Pit.
 20213 | Lair:3   | Reached **** piety under Qazlal
 20276 | Lair:3   | Noticed Kubamp's ghost (journeyman DEAE)
 20277 | Lair:3   | Found a runed translucent gate.
 20277 | Lair:3   | Found a runed translucent gate.
 20277 | Lair:3   | Noticed neoxian's ghost (journeyman SpAr)
 20278 | Lair:3   | Found a runed translucent gate.
 20618 | Lair:3   | Got a smoking bronze ring
 21083 | Lair:4   | Identified the ring of Gaujamm {EV+4 Slay+5} (You found it
                  | on level 3 of the Lair of Beasts)
 21148 | Lair:4   | Reached skill level 14 in Invocations
 21171 | Lair:4   | Gained mutation: You are immune to freezing clouds.
                  | [demonic ancestry]
 21171 | Lair:4   | Reached XP level 14. HP: 116/116 MP: 24/24
 21195 | Lair:4   | Found a staircase to the Swamp.
 21940 | Lair:5   | Reached ***** piety under Qazlal
 22540 | Lair:6   | Entered Level 6 of the Lair of Beasts
 22765 | Lair:6   | Found a staircase to the Slime Pits.
 23065 | Lair:6   | Acquired the +2 Maxwell's thermic engine {flame, freeze}
 23066 | Lair:6   | Found the +2 Maxwell's thermic engine {flame, freeze}
 23140 | Lair:6   | Reached skill level 15 in Invocations
 23950 | D:13     | Noticed Azrael
 23969 | D:13     | Reached ****** piety under Qazlal
 23980 | D:13     | Killed Azrael
 24067 | D:13     | Reached skill level 5 in Shields
 24077 | D:13     | Reached XP level 15. HP: 52/124 MP: 10/26
 24156 | D:13     | Noticed Josephine
 24163 | D:13     | Killed Josephine
 24511 | D:13     | Found a gate to the Vaults.
 24642 | D:14     | Noticed Agnes
 24654 | D:14     | Killed Agnes
 24703 | D:14     | Noticed Rupert
 24745 | D:14     | Killed Rupert
 25021 | D:14     | Found a portal to a secret trove of treasure.
 25693 | D:15     | Entered Level 15 of the Dungeon
 25718 | D:15     | Noticed Nessos
 25726 | D:15     | Killed Nessos
 25967 | D:15     | Reached skill level 16 in Invocations
 25975 | D:15     | Found a staircase to the Depths.
 26774 | Swamp:1  | Entered Level 1 of the Swamp
 26799 | Swamp:1  | Slain by a shambling mangrove

Illustrated notes

Levels and vault maps discovered:
D:1:      matt_arrival_refuge, layout_basic
D:2:      layout_basic
D:3:      layout_rooms, uniq_robin
D:4:      layout_loops_ring, serial_shops, nicolae_shop_stone, shop,
          st_stairs_13
D:5:      layout_loops_ring, grunt_ministairs_7, uniq_blork_the_orc,
          uniq_eustachio
D:6:      layout_loops_ring, kennysheep_small_spiral
D:7:      layout_basic, lemuel_crystal_altar, minmay_temple_entry_large_hall
D:8:      layout_gridville, serial_shops, nicolae_shop_behind_doors,
          basic_altar, uniq_harold
D:9:      layout_roguey, basic_altar, uniq_pikel
D:10:     layout_loops_ring, lair_entry_dummy, minmay_misc_feat_rugged
D:11:     layout_gridville, david_orc_1_choice
D:12:     layout_roguey, guppyfry_shop_blood, uniq_nergalle, uniq_urug
D:13:     layout_big_octagon, david_vaults_2, uniq_azrael, uniq_josephine
D:14:     cheibrodos_quadrivalence, layout_cave_pods,
          infiniplex_staircase_zigzag_4, nicolae_trove_entry_path_of_doom,
          uniq_agnes, uniq_rupert
D:15:     gammafunk_depths_entry_grave, layout_cave_pods, minivault_27,
          uniq_nessos
Temple:   compressed_dpeg_circular_temple
Lair:1:   layout_cave_pods
Lair:2:   layout_chaotic_city, ebering_ghost_xom, dpeg_stationary_puzzle,
          grunt_megastairs_2
Lair:3:   cheibrodos_lair_river_kwai, layout_cave_pods,
          guppyfry_snake_entry_island, gammafunk_ghost_cemetery,
          lemuel_old_faithful, minmay_lair_oklob_chamber, serial_bayou_shore_b,
          lemuel_fruit_tree, lemuel_fruit_fields
Lair:4:   layout_roguey, minmay_swamp_entry_worms,
          chequers_serial_rivers_small_a, minmay_holes, st_stairs_9,
          infiniplex_staircase_pool_2
Lair:5:   layout_long_grid, serial_bayou_pond_a
Lair:6:   hangedman_lair_caniforms_friends, layout_loops_ring,
          dpeg_slime_entry_corner, serial_bayou_shore_b
Swamp:1:  gammafunk_mikee_crab_dinner, layout_falls_marsh,
          infiniplex_staircase_pool
Orc:1:    layout_caves, uniq_fannar
Orc:2:    grunt_orc_tribal_feast, layout_caves, serial_shops, shop,
          gauntlet_entry_generic

Skill      XL: |  1  2  3  4  5  6  7  8  9 10 11 12 13 14 15 |
---------------+----------------------------------------------+-----
Long Blades    | 3 4 5 6 7 8 9 10 11 12 13 | 13.1
Dodging        | 3 4 5 6 7 8 9 10 11 12 13 | 13.1
Fighting       | 3 4 5 6 7 8 10 11 12 13 14 | 14.0
Shields        | 1 2 3 4 5 6 |  6.6
Invocations    | 3 6 8 10 12 14 15 16 | 16.2
Throwing       | |  1.7

Action                   |  1- 3 |  4- 6 |  7- 9 | 10-12 | 13-15 || total
-------------------------+-------+-------+-------+-------+-------++-------
Melee: Long sword        |   106 |   253 |   273 |   823 |       ||  1455
       Kick              |    23 |    79 |   102 |   346 |   324 ||   874
       Spear             |       |       |     9 |       |       ||     9
       Dagger            |       |       |       |    12 |       ||    12
       Rapier            |       |       |       |     7 |       ||     7
       Triple sword      |       |       |       |    12 |   384 ||   396
       Short sword       |       |       |       |       |    10 ||    10
       Double sword      |       |       |       |       |   321 ||   321
Throw: Throwing net      |       |     2 |     1 |     1 |       ||     4
Invok: Upheaval          |       |       |       |    15 |     4 ||    19
       Elemental Force   |       |       |       |     2 |     2 ||     4
       Disaster Area     |       |       |       |       |     2 ||     2
Evoke: Wand              |       |       |    10 |    22 |       ||    32
       Phantom mirror    |       |       |       |     1 |       ||     1
  Use: Scroll            |       |       |       |    34 |     9 ||    43
       Potion            |       |       |       |     6 |     2 ||     8
 Stab: Distracted        |       |     1 |     2 |     5 |    10 ||    18
       Held in net/web   |       |       |       |     1 |       ||     1
       Invisible         |       |       |       |     2 |     4 ||     6
Armor: Leather armour    |    32 |    47 |       |       |       ||    79
       Ring mail         |       |    70 |    69 |    29 |       ||   168
       Troll leather arm |       |       |       |   127 |   140 ||   267
Dodge: Dodged            |   101 |   179 |   203 |   588 |   889 ||  1960
       Repelled          |       |       |       |       |    14 ||    14
Block: Buckler           |       |       |    29 |   291 |   243 ||   563
       Other             |       |       |       |     1 |   162 ||   163
       Rpst.: Long sword |    36 |    52 |    45 |   120 |       ||   253
       Triple sword      |       |       |       |     7 |   158 ||   165
       Double sword      |       |       |       |       |    62 ||    62

Table legend: (Time is in decaauts)
 A = Elapsed time spent in this place.
 B = Non-inter-level travel time spent in this place.
 C = Inter-level travel time spent in this place.
 D = Time resting spent in this place.
 E = Time spent auto-exploring this place.
 F = Levels seen in this place.
 G = Mean time per level.
                   A        B        C        D        E       F      G
               +--------+--------+--------+--------+--------+-----+--------+
         Total |  27040 |  25619 |   1421 |   6350 |  13739 |  26 | 1040.0 |
       Dungeon |  18435 |  17612 |    823 |   5484 |   8812 |  15 | 1229.0 |
        Temple |    136 |    126 |     10 |      0 |     92 |   1 |  136.0 |
          Lair |   6525 |   6035 |    490 |    477 |   4494 |   6 | 1087.5 |
         Swamp |     22 |     22 |      0 |      0 |      0 |   1 |   22.0 |
  Orcish Mines |   1609 |   1513 |     96 |    302 |    341 |   2 |  804.5 |
      Gauntlet |    310 |    310 |      0 |     87 |      0 |   1 |  310.0 |
               +--------+--------+--------+--------+--------+-----+--------+

Top non-repeatable levels by time:
     D:8: 2056 daAuts
     D:3: 1609 daAuts
     D:2: 1557 daAuts
  Lair:3: 1520 daAuts
    D:10: 1495 daAuts
  Lair:6: 1308 daAuts
     D:5: 1276 daAuts
    D:12: 1257 daAuts
     D:7: 1256 daAuts
    D:11: 1245 daAuts
     D:9: 1098 daAuts
  Lair:1: 1082 daAuts
     D:6: 1064 daAuts
     D:1: 1010 daAuts
    D:14: 990 daAuts
